 Dungeon Crawl Stone Soup version 0.19.4 (webtiles) character file.

29311 JeffiDaFish the Destroyer (level 13, -4/95 HPs)
             Began as a Demonspawn Venom Mage on Feb 4, 2017.
             Was a Priest of Makhleb.
             Slain by a komodo dragon (6 damage)
             ... on level 6 of the Lair of Beasts.
             The game lasted 01:15:46 (14071 turns).

JeffiDaFish the Destroyer (Demonspawn Venom Mage)  Turns: 14071, Time: 01:15:47

Health: -4/95      AC: 12    Str: 10    XL:     13   Next: 14%
Magic:  0/35       EV: 15    Int: 18    God:    Makhleb [***...]
Gold:   803        SH:  0    Dex: 16    Spells: 6 memorised, 4 levels left

rFire  . . .     SeeInvis .     l - +7 scythe (protect)
rCold  . . .     Gourm    .     w - +3 leather armour
rNeg   . . .     Faith    .     (shield currently unavailable)
rPois  .         Spirit   +     (helmet restricted)
rElec  .         Reflect  .     (no cloak)
rCorr  .         Harm     .     o - +1 pair of gloves
MR     .....                    f - +0 pair of boots
Stlth  +++.......               a - amulet of regeneration
                                q - ring of magical power
                                d - +5 ring of slaying

@: lethally poisoned (-4 -> -14)
A: antennae 1, hooves 2, molten scales 2, demonic guardian 1, evolution 1, magic
shield, magic regeneration
a: Minor Destruction, Lesser Servant of Makhleb, Renounce Religion


You were on level 6 of the Lair of Beasts.
You worshipped Makhleb.
Makhleb was most pleased with you.
You were not hungry.

You visited 3 branches of the dungeon, and saw 17 of its levels.
You also visited: Sewer and Bailey.

You collected 900 gold pieces.
You spent 97 gold pieces at shops.

Inventory:

Hand Weapons
 l - a +7 scythe of protection (weapon)
Armour
 f - a +0 pair of boots (worn)
 o - a +1 pair of gloves (worn)
 w - a +3 leather armour (worn)
Jewellery
 a - an amulet of regeneration (around neck)
 d - a +5 ring of slaying (left hand)
 q - a ring of magical power (right hand)
Scrolls
 e - 7 scrolls of remove curse
 j - a scroll of blinking
 m - 6 scrolls of fear
 r - a scroll of silence
 u - a scroll of amnesia
 x - 2 scrolls of teleportation
 y - a scroll of fog
 A - 2 scrolls of magic mapping
 C - a scroll of identify
Potions
 i - 6 potions of curing
 n - 2 potions of flight
 s - 2 potions of agility
 t - a potion of brilliance
 E - a potion of haste
 F - a potion of heal wounds
Books
 b - a Young Poisoner's Handbook

   Spells                             Type                      Level
   a - Sting                          Conjuration/Poison           1
   b - Mephitic Cloud                 Conjuration/Poison/Air       3
   c - Olgreb's Toxic Radiance        Poison                       4
   d - Alistair's Intoxication        Transmutation/Poison         5
   e - Venom Bolt                     Conjuration/Poison           5
 D - a book of Power

   Spells                             Type                      Level
   a - Fulminant Prism                Conjuration/Hexes            4
   b - Iskenderun's Mystic Blast      Conjuration                  4
   c - Venom Bolt                     Conjuration/Poison           5
   d - Bolt of Magma                  Conjuration/Fire/Earth       5
   e - Iron Shot                      Conjuration/Earth            6
   f - Orb of Destruction             Conjuration                  7
   g - Spellforged Servitor           Conjuration/Summoning        7
Comestibles
 c - 10 bread rations
 g - 7 beef jerkies
 h - a royal jelly
 k - 4 chunks of flesh
 p - 10 slices of pizza
 v - 5 meat rations
 z - 31 fruits


   Skills:
 + Level 6.7 Fighting
   Level 1.0 Short Blades
 + Level 6.7 Polearms
 + Level 6.3 Dodging
 + Level 7.3 Stealth
 - Level 0.1 Unarmed Combat
 * Level 9.5 Spellcasting
 * Level 9.6 Conjurations
 + Level 4.6 Fire Magic
 + Level 5.8 Air Magic
 + Level 8.6 Poison Magic


You had 4 spell levels left.
You knew the following spells:

 Your Spells              Type           Power        Failure   Level  Hunger
a - Orb of Destruction    Conj           #####.....   99%         7    #######
b - Mephitic Cloud        Conj/Pois/Air  #####...     1%          3    None
c - Olgreb's Toxic Radia  Pois           #####...     3%          4    ###....
d - Sticky Flame          Conj/Fire      ####....     8%          4    ###....
e - Venom Bolt            Conj/Pois      #####.....   10%         5    #####..
f - Iskenderun's Mystic   Conj           #####...     1%          4    ###....


Dungeon Overview and Level Annotations

Branches:
Dungeon (10/15)            Temple (1/1) D:4            Lair (6/6) D:10
 Shoals (0/4) Lair:2       Spider (0/4) Lair:3          Orc (0/2) D:10
  Slime: Lair:5-6

Altars:
Ashenzari
Cheibriados
Dithmenos
Elyvilon
Fedhas
Gozag
Hepliaklqana
Kikubaaqudgha
Makhleb
Nemelex Xobeh
Okawaru
Qazlal
Ru
Sif Muna
Trog
Uskayaw
Vehumet
Xom
Yredelemnul
Zin
The Shining One
Jiyva

Shops:
D:4 ?((?}

Annotations:
D:9 exclusion: statue
Lair:6 1 runed door


Innate Abilities, Weirdness & Mutations

You have hoof-like feet.
You are mostly covered in molten scales. (AC +3)
A weak demonic guardian rushes to your aid.
When hurt, damage is shared between your health and your magic reserves.
You regenerate magic rapidly.
You have a pair of small antennae on your head.
You evolve.


Message History

You feel sick.
The yak is engulfed in noxious fumes.
The yak appears confused.
The yak gores you but does no damage. The spiny frog barely misses you.
You bump into the rock wall.
You feel very sick.
The komodo dragon seems less confused.
The yak is engulfed in noxious fumes.
The yak appears confused.
The yak closely misses you. The spiny frog closely misses you.
You feel sick.
The komodo dragon looks more healthy.
The spiny frog barely misses you.
The komodo dragon completely misses you.
You bump into the rock wall.
You feel very sick.
The yak looks more healthy.
The spiny frog barely misses you.
The yak gores the yak.
The komodo dragon bites you!!
* * * LOW HITPOINT WARNING * * *
You bump into the rock wall.
You feel less confused.
* * * LOW HITPOINT WARNING * * *
You feel sick. The spiny frog closely misses you. The komodo dragon bites you!
You die...

.# #..#### ..
...#...
##.##...+J.
#..#P...#J
#......#
#..#.. #l[#
##.@# #.F.# .
#.#.5Y##....
#...Y.....#
#.P....P....
#....#####P.#.
...... #..#
..###. .## ##
## .


You could see a komodo dragon, 2 yaks, a spiny frog, an ooze and a friendly
quasit.

Vanquished Creatures
  An orc warlord (Bailey)
  Fannar (Lair:2)
  Erica (D:10)
  11 death yaks (Lair:5)
  The ghost of Ducks4Ever the Covert, a journeyman SpAs of Gozag (D:10)
  3 hill giants (D:10)
  Pikel (D:8)
  2 black mambas
  8 spiny frogs
  4 komodo dragons
  A rime drake (Lair:5)
  5 blink frogs (Lair:4)
  A hippogriff (D:8)
  A tarantella (Lair:5)
  Sigmund (D:3)
  2 basilisks
  4 hogs (D:10)
  25 yaks
  A hungry ghost (D:9)
  4 humans
  11 water moccasins
  A warg (D:10)
  10 porcupines
  A sky beast (D:7)
  13 orc warriors
  2 ice beasts
  3 phantoms
  A necrophage (D:9)
  3 slaves (D:8)
  4 ogres
  6 centaurs
  6 crocodiles
  A big kobold (Sewer)
  11 bullfrogs
  The ghost of RegularSin the Sneak, an amateur SpAr (D:4)
  2 wyvern skeletons
  2 scorpions
  3 howler monkeys
  4 wights (D:7)
  An electric eel (Lair:4)
  A centaur zombie (D:5)
  2 quasits
  8 orc wizards
  7 hounds
  A bullfrog skeleton (D:5)
  4 orc priests
  2 jellies
  2 iguanas
  4 worker ants
  Natasha (twice) (D:2)
  A worker ant zombie (D:9)
  26 gnolls
  A howler monkey skeleton (D:8)
  A river rat (Sewer)
  6 adders
  2 shadow imps
  4 oozes
  2 adder skeletons
  A worm (D:3)
  A dart slug (D:2)
  10 leopard geckos
  52 orcs
  2 bats
  13 giant cockroaches
  17 goblins
  23 hobgoblins
  10 jackals
  18 kobolds
  2 quokkas
  3 frilled lizards
  6 rats
  A fungus (Lair:6)
399 creatures vanquished.

Vanquished Creatures (collateral kills)
  Prince Ribbit (D:6)
  A human (D:6)
  A warg (D:10)
  A water moccasin (Lair:1)
  An orc warrior (D:9)
  3 ogres
  A wight (D:7)
  Natasha (D:2)
  An orc wizard (D:3)
  A hound skeleton (D:4)
  A gnoll (D:6)
  3 orcs
  A bat (D:2)
  A hobgoblin (Bailey)
18 creatures vanquished.

Vanquished Creatures (others)
  5 fungi
  A plant (Lair:4)
6 creatures vanquished.

Grand Total: 423 creatures vanquished

Notes
Turn   | Place    | Note
-------+----------+-------------------------------------------
     0 | D:1      | JeffiDaFish the Demonspawn Venom Mage began the quest for the Orb.
     0 | D:1      | Reached XP level 1. HP: 13/13 MP: 3/3
   221 | D:1      | Gained mutation: A weak demonic guardian rushes to your aid. [demonic ancestry]
   221 | D:1      | Reached XP level 2. HP: 5/19 MP: 1/5
   754 | D:1      | Noticed a howler monkey
   762 | D:1      | Killed a howler monkey
   762 | D:1      | Reached XP level 3. HP: 17/24 MP: 0/6
   904 | D:1      | Reached skill level 1 in Conjurations
   904 | D:1      | Reached XP level 4. HP: 16/30 MP: 7/7
  1376 | D:2      | Noticed Natasha
  1384 | D:2      | Killed Natasha
  1384 | D:2      | Reached skill level 1 in Fighting
  1582 | D:2      | Noticed Natasha
  1587 | D:2      | Learned a level 3 spell: Mephitic Cloud
  1591 | D:2      | Killed Natasha
  1591 | D:2      | Gained mutation: You have large cloven feet. [demonic ancestry]
  1591 | D:2      | Reached XP level 5. HP: 37/37 MP: 1/9
  1605 | D:2      | Noticed Natasha
  1612 | D:2      | Killed Natasha
  1736 | D:2      | Found a shadowy altar of Dithmenos.
  2097 | D:3      | Reached skill level 5 in Poison Magic
  2394 | D:3      | Noticed Sigmund
  2409 | D:3      | Killed Sigmund
  2409 | D:3      | Reached skill level 1 in Short Blades
  2409 | D:3      | Reached skill level 1 in Air Magic
  2409 | D:3      | Reached XP level 6. HP: 43/43 MP: 4/10
  2870 | D:4      | Found a staircase to the Ecumenical Temple.
  2895 | Temple   | Entered the Ecumenical Temple
  3320 | D:4      | Learned a level 4 spell: Olgreb's Toxic Radiance
  3343 | D:4      | Found Piorenex's Magic Scroll Shop.
  3364 | D:4      | Bought a scroll of enchant armour for 97 gold pieces
  3377 | D:4      | Found Bomane's Weapon Shoppe.
  3391 | D:4      | Reached XP level 7. HP: 33/49 MP: 7/12
  3443 | D:4      | Reached skill level 1 in Polearms
  3482 | D:4      | Noticed RegularSin's ghost (amateur SpAr)
  3484 | D:4      | Killed RegularSin's ghost
  3531 | D:4      | Found Aroybbox's Weapon Boutique.
  3537 | D:4      | Found Jingozen's Magic Scroll Boutique.
  3741 | D:4      | Found Kuofanicau's Gadget Boutique.
  3804 | D:4      | Found a hazy altar of Hepliaklqana.
  3838 | D:5      | Entered Level 5 of the Dungeon
  4255 | D:5      | Found a glowing silver altar of Zin.
  4268 | D:5      | Gained mutation: You are somewhat resistant to further mutation. [potion of mutation]
  4274 | D:5      | Reached XP level 8. HP: 44/57 MP: 14/14
  4377 | D:5      | Found a glowing drain.
  4381 | Sewer    | Entered a sewer
  4475 | Sewer    | Found a glowing silver altar of Zin.
  4815 | D:5      | Found a glowing golden altar of the Shining One.
  5221 | D:6      | Noticed Prince Ribbit
  5230 | D:6      | Killed Prince Ribbit
  5344 | D:6      | Found a white marble altar of Elyvilon.
  5396 | D:6      | Found a deep blue altar of Sif Muna.
  5443 | D:6      | Reached skill level 5 in Conjurations
  5443 | D:6      | Gained mutation: When hurt, damage is shared between your health and your magic reserves. [demonic ancestry]
  5443 | D:6      | Reached XP level 9. HP: 32/64 MP: 5/16
  5695 | D:6      | Reached skill level 5 in Spellcasting
  5998 | D:7      | Found a flagged portal.
  6011 | Bailey   | Entered a bailey
  6360 | Bailey   | Learned a level 4 spell: Sticky Flame
  6366 | Bailey   | Learned a level 5 spell: Venom Bolt
  6373 | Bailey   | Noticed an orc warlord
  6413 | Bailey   | Killed an orc warlord
  6413 | Bailey   | Reached skill level 1 in Fire Magic
  6413 | Bailey   | Gained mutation: You have hoof-like feet. [demonic ancestry]
  6413 | Bailey   | Reached XP level 10. HP: 34/71 MP: 8/19
  6595 | Bailey   | Lost mutation: You are somewhat resistant to further mutation. [potion of cure mutation]
  6596 | Bailey   | Gained mutation: You evolve. [potion of beneficial mutation]
  6811 | D:7      | Reached skill level 5 in Polearms
  7149 | D:7      | Found an opulent altar of Gozag.
  7273 | D:7      | Gained mutation: You rapidly evolve. [evolution]
  7331 | D:7      | Learned a level 4 spell: Iskenderun's Mystic Blast
  7657 | D:8      | Reached skill level 5 in Stealth
  7658 | D:8      | Found an iron altar of Okawaru.
  7785 | D:8      | Noticed Pikel
  7801 | D:8      | Killed Pikel
  8106 | D:8      | Found a hide-covered altar of Uskayaw.
  8107 | D:8      | Found a white marble altar of Elyvilon.
  8107 | D:8      | Found a blossoming altar of Fedhas.
  8108 | D:8      | Found a stormy altar of Qazlal.
  8476 | D:9      | Found a radiant altar of Vehumet.
  8547 | D:9      | Gained mutation: You have a pair of small antennae on your head. [evolution]
  8927 | D:9      | Found a burning altar of Makhleb.
  8936 | D:9      | Became a worshipper of Makhleb the Destroyer
  9078 | D:10     | Entered Level 10 of the Dungeon
  9078 | D:10     | Found a burning altar of Makhleb.
  9154 | D:10     | Found a staircase to the Lair.
  9213 | D:10     | Noticed a hill giant
  9222 | D:10     | Killed a hill giant
  9222 | D:10     | Gained mutation: You regenerate magic rapidly. [demonic ancestry]
  9222 | D:10     | Reached XP level 11. HP: 78/78 MP: 15/21
  9264 | D:10     | Noticed a hill giant
  9279 | D:10     | Killed a hill giant
  9325 | D:10     | Noticed a hill giant
  9335 | D:10     | Noticed Erica
  9336 | D:10     | Killed a hill giant
  9336 | D:10     | Reached skill level 5 in Fighting
  9352 | D:10     | Killed Erica
  9352 | D:10     | Reached skill level 5 in Dodging
  9463 | D:10     | Reached * piety under Makhleb
  9579 | D:10     | Noticed Ducks4Ever's ghost (journeyman SpAs)
  9596 | D:10     | Killed Ducks4Ever's ghost
  9622 | D:10     | Found a staircase to the Orcish Mines.
  9683 | D:10     | Lost mutation: You rapidly evolve. [end of evolution]
  9724 | Lair:1   | Entered Level 1 of the Lair of Beasts
  9828 | Lair:1   | Identified a scroll of acquirement
  9829 | Lair:1   | Got a heavily runed shield
 10397 | Lair:2   | Found a hide-covered altar of Uskayaw.
 10501 | Lair:2   | Found a staircase to the Shoals.
 10635 | Lair:2   | Noticed Fannar
 10648 | Lair:2   | Killed Fannar
 10648 | Lair:2   | Reached skill level 5 in Air Magic
 11408 | Lair:3   | Found a hole to the Spider Nest.
 11730 | Lair:4   | Gained mutation: You are partially covered in molten scales. (AC +2) [demonic ancestry]
 11730 | Lair:4   | Reached XP level 12. HP: 87/87 MP: 15/24
 11769 | Lair:4   | Reached ** piety under Makhleb
 12027 | Lair:4   | Learned a level 7 spell: Orb of Destruction
 13141 | Lair:5   | Noticed a death yak
 13141 | Lair:5   | Noticed a death yak
 13143 | Lair:5   | Noticed a death yak
 13143 | Lair:5   | Noticed a death yak
 13144 | Lair:5   | Noticed a death yak
 13163 | Lair:5   | Killed a death yak
 13171 | Lair:5   | Killed a death yak
 13175 | Lair:5   | Killed a death yak
 13176 | Lair:5   | Killed a death yak
 13181 | Lair:5   | Killed a death yak
 13181 | Lair:5   | Reached *** piety under Makhleb
 13499 | Lair:6   | Entered Level 6 of the Lair of Beasts
 13499 | Lair:6   | Noticed a death yak
 13499 | Lair:6   | Noticed a death yak
 13499 | Lair:6   | Noticed a death yak
 13499 | Lair:6   | Noticed a death yak
 13499 | Lair:6   | Noticed a death yak
 13499 | Lair:6   | Noticed a death yak
 13516 | Lair:5   | Killed a death yak
 13526 | Lair:5   | Killed a death yak
 13543 | Lair:5   | Killed a death yak
 13543 | Lair:5   | Gained mutation: You are mostly covered in molten scales. (AC +3) [demonic ancestry]
 13543 | Lair:5   | Reached XP level 13. HP: 85/95 MP: 5/26
 14058 | Lair:6   | Found a runed door.
 14059 | Lair:6   | Found a viscous altar of Jiyva.
 14070 | Lair:6   | HP: 3/95 [komodo dragon (13)]
 14071 | Lair:6   | Slain by a komodo dragon

Skill      XL: |  1  2  3  4  5  6  7  8  9 10 11 12 |
---------------+-------------------------------------+-----
Dodging        | 2 3 4 5 6 |  6.3
Conjurations   | 1 2 3 4 5 6 7 8 9 |  9.6
Fighting       | 1 2 3 4 5 6 |  6.7
Stealth        | 2 3 4 5 6 7 |  7.3
Poison Magic   | 5 6 7 8 |  8.6
Spellcasting   | 3 4 6 7 8 9 |  9.5
Short Blades   | 1 |  1.0
Air Magic      | 1 2 3 4 5 |  5.8
Polearms       | 1 3 4 5 6 |  6.7
Fire Magic     | 1 2 3 4 |  4.6
Unarmed Combat | |  0.1

Action                   |  1- 3 |  4- 6 |  7- 9 | 10-12 | 13-15 || total
-------------------------+-------+-------+-------+-------+-------++-------
Melee: Short sword       |    45 |       |       |       |       ||    45
       Unarmed           |     4 |       |       |       |       ||     4
       Dagger            |       |    87 |       |       |       ||    87
       Kick              |       |     8 |       |       |       ||     8
       Scythe            |       |    25 |   193 |   397 |    41 ||   656
 Cast: Sting             |    32 |    47 |    35 |     5 |       ||   119
       Mephitic Cloud    |       |     4 |    31 |    54 |    19 ||   108
       Olgreb's Toxic Ra |       |       |     9 |    15 |     3 ||    27
       Iskenderun's Myst |       |       |       |    83 |     7 ||    90
       Venom Bolt        |       |       |       |    27 |     1 ||    28
       Sticky Flame      |       |       |       |     3 |       ||     3
  Use: Scroll            |     1 |     5 |     7 |    15 |     2 ||    30
       Potion            |     2 |     2 |     9 |     5 |     1 ||    19
 Stab: Sleeping          |     2 |     3 |    10 |     4 |       ||    19
       Confused          |       |     3 |     8 |    18 |     4 ||    33
       Distracted        |       |       |     2 |     2 |       ||     4
  Eat: Chunk             |       |     7 |    13 |    43 |     4 ||    67
       Beef jerky        |       |     1 |     1 |       |       ||     2
       Royal jelly       |       |       |       |     1 |       ||     1
Armor: Robe              |     2 |    28 |       |       |       ||    30
       Leather armour    |       |     7 |    47 |   115 |    19 ||   188
Dodge: Dodged            |    33 |    76 |   112 |   271 |    60 ||   552
